 Dungeon Crawl Stone Soup version 0.22.1-6-g1668fe2 (webtiles) character file.

266593 Fang the Warrior (level 20, 0/137 HPs)
             Began as a Gargoyle Berserker on Feb 6, 2019.
             Was the Champion of Trog.
             Shot with an arrow by a deep elf master archer (29 damage)
             ... on level 3 of the Elven Halls on Feb 7, 2019.
             The game lasted 01:21:44 (37182 turns).

Fang the Warrior (Gargoyle Berserker)              Turns: 37182, Time: 01:21:44

Health: 0/137      AC: 50    Str: 43    XL:     20   Next: 10%
Magic:  20/20      EV: 23    Int: 11    God:    Trog [******]
Gold:   1647       SH:  0    Dex: 18    Spells: 19/19 levels left

rFire    . . .     SeeInvis +   X - +12 battleaxe of Obsession {freeze, Str+2 Int+2}
rCold    x . .     Gourm    +   (shield currently unavailable)
rNeg     + . .     Faith    .   k - +5 scale mail of Leutups {Regen+ Str+4}
rPois    ∞         Spirit   .   R - +2 helmet {SInv}
rElec    +         Reflect  .   s - +2 cloak {MR+}
rCorr    .         Harm     .   z - +2 pair of gloves {Str+3}
MR       ++...                  P - +2 pair of boots of Weyxuck {rC- Str+3 Dex+6 Slay+2}
Stlth    +.........             m - amulet of the gourmand
HPRegen  0.72/turn              u - +4 ring of protection
MPRegen  0.17/turn              F - +3 ring of dexterity

@: about to teleport, flying
A: big wings, camouflage 1, mutation resistance 1, negative energy resistance 1,
screaming 1, electricity resistance, strong 1, unbreathing, petrification
resistance, rot immunity, AC +15
}: 2/15 runes: serpentine, barnacled
a: Stop Flying, Berserk, Trog's Hand, Brothers in Arms, Renounce Religion


You were on level 3 of the Elven Halls.
You worshipped Trog.
Trog was exalted by your worship.
You were very full.

You visited 8 branches of the dungeon, and saw 36 of its levels.
You also visited: Labyrinth and Sewer.

You collected 3528 gold pieces.
You spent 1881 gold pieces at shops.

Inventory:

Hand Weapons
 i - a +4 war axe of freezing
 j - a +4 battleaxe of chopping
 H - a +2 war axe of electrocution
 O - a +7 executioner's axe of flaming
 Q - a +5 battleaxe of electrocution
 X - the +12 battleaxe of Obsession (weapon) {freeze, Str+2 Int+2}
   (Trog gifted it to you on level 1 of the Shoals)

   It has been specially enchanted to freeze those struck by it, causing extra
   injury to most foes and up to half again as much damage against particularly
   susceptible opponents.
   It can also slow down cold-blooded creatures.
   It affects your strength (+2).
   It affects your intelligence (+2).
Armour
 k - the +5 scale mail of Leutups (worn) {Regen+ Str+4}
   (You found it on level 3 of the Lair of Beasts)

   It affects your strength (+4).
   It increases your rate of regeneration.
 o - a +4 plate armour of cold resistance
 s - a +2 cloak of magic resistance (worn)
 z - a +2 pair of gloves of strength (worn)
 L - the +0 leather armour of the Doge {rF+ rCorr Str+4 Stlth-}
   (You found it on level 14 of the Dungeon)

   It affects your strength (+4).
   It protects you from fire.
   It provides partial protection from all sources of acid and corrosion.
   It makes you less stealthy.
 P - the +2 pair of boots of Weyxuck (worn) {rC- Str+3 Dex+6 Slay+2}
   (You bought it in a shop on level 2 of the Orcish Mines)

   It affects your strength (+3).
   It affects your dexterity (+6).
   It affects your accuracy and damage with ranged weapons and melee attacks
   (+2).
   It makes you vulnerable to cold.
 R - a +2 helmet of see invisible (worn)
 S - the +3 pair of gloves of Indomitability {MR+ Dex+5}
   (You bought it in a shop on level 3 of the Elven Halls)

   It affects your dexterity (+5).
   It affects your resistance to hostile enchantments.
Jewellery
 m - an amulet of the gourmand (around neck)
 p - an uncursed amulet of regeneration
 u - a +4 ring of protection (left hand)
 v - an uncursed ring of protection from fire
 F - a +3 ring of dexterity (right hand)
 J - a +5 ring of evasion
 K - an uncursed amulet of the acrobat
 U - the ring of Kaorofiso {rElec rPois rF+ MP+9 Dex-4, unknown}
   (You took it off a deep elf mage on level 3 of the Elven Halls)

   [ring of poison resistance]

   It affects your dexterity (-4).
   It protects you from fire.
   It insulates you from electricity.
   It protects you from poison.
   It affects your magic capacity (+9).
Wands
 a - a wand of flame (50)
 q - a wand of polymorph (16)
 y - a wand of acid (19)
 B - a wand of enslavement (7)
 C - a wand of scattershot (10)
 D - a wand of clouds (13)
 M - a wand of iceblast (34)
 N - a wand of random effects (86)
 V - a wand of disintegration (17)
Scrolls
 g - 19 scrolls of remove curse
 h - 19 scrolls of teleportation
 w - 6 scrolls of magic mapping
 E - 17 scrolls of identify
 G - a scroll of summoning
 T - a scroll of brand weapon
Potions
 b - 5 potions of berserk rage
 d - 9 potions of curing
 e - 3 potions of resistance
 f - 5 potions of cancellation
 l - 4 potions of might
 n - 4 potions of invisibility
 r - 3 potions of brilliance
 t - 4 potions of heal wounds
 x - 3 potions of agility
 A - 7 potions of ambrosia
 Y - a potion of haste
Miscellaneous
 I - 3 boxes of beasts
Comestibles
 c - 71 rations


   Skills:
 + Level 18.8 Fighting
 + Level 16.2 Axes
 + Level 18.7 Armour
 + Level 15.0 Dodging


You had 19 spell levels left.
You didn't know any spells.
Your spell library was empty.

Dungeon Overview and Level Annotations

Branches:
Dungeon (15/15)            Temple (1/1) D:5            Lair (6/6) D:9
 Shoals (4/4) Lair:4        Snake (4/4) Lair:4        Slime (0/5) Lair:6
    Orc (2/2) D:9             Elf (3/3) Orc:2        Vaults (0/5) D:14
 Depths (1/5) D:15

Altars:
Ashenzari
Dithmenos
Elyvilon
Fedhas
Gozag
Hepliaklqana
Kikubaaqudgha
Makhleb
Nemelex Xobeh
Okawaru
Qazlal
Ru
Sif Muna
Uskayaw
Vehumet
Wu Jian
Xom
Yredelemnul
Zin
Beogh

Shops:
D:8 *   Orc:2 [:(*   Elf:2 =   Elf:3 %:[   Shoals:2 =   Shoals:4 *   Snake:2 *

Annotations:
Lair:1 exclusion: oklob plant
Snake:2 1 runed door
Elf:1 exclusion: Roxanne, Roxanne
Elf:2 3 runed doors


Innate Abilities, Weirdness & Mutations

You are resistant to torment.
Your stone body is resilient. (AC +15)
You are immune to poison.
Your large and strong wings let you fly indefinitely.
You resist negative energy. (rN+)
You are resistant to electric shocks. (rElec)
You can survive without breathing.
You are immune to petrification.
You are immune to rotting.
Your skin changes colour to match your surroundings (Stealth+).
You are somewhat resistant to further mutation.
You occasionally shout uncontrollably at your foes.
Your muscles are strong. (Str +2)


Message History

The deep elf knight shoots an arrow.
The arrow hits you but does no damage.
You hear a splash.
The deep elf blademaster misses you.
The deep elf blademaster closely misses you.
Unknown command.
As you read the scroll of teleportation, it crumbles to dust.
You feel strangely unstable.
The deep elf knight shoots an arrow.
The arrow hits you.
* * * LOW HITPOINT WARNING * * *
The ghostly deep elf high priest completely misses you.
The deep elf blademaster hits you with a rapier!
* * * LOW HITPOINT WARNING * * *
The deep elf blademaster closely misses you.
The deep elf mage hits you but does no damage.
Your surroundings suddenly seem different.
You hear a shout!
Found nine items.
The deep elf master archer shoots an arrow.
The arrow hits you!!
You die...

##....# .###...≈≈.≈≈...#.#
#.....# ..e....≈≈e≈≈....!#
#.....# ###...≈≈.≈≈..!##
####.....# #..e≈≈e≈≈((.#
())......## ######(######
#))......##.##########(#
#........##.:.:...).##.#
####.....##..(.}.[.)##)#
####.....##e....@.(.##.#
#.....[..##..).)...}##(#
###......#############)##
###.))...# ##().##
8.###....###########.(#..#
.................)..(###.#
8.###...############## ###
### ##.## #.........# #.#
#.###.######.........# #.#


You could see a deep elf master archer.

Vanquished Creatures
  Nikola (Elf:1)
  Kirke (Elf:1)
  7 nagarajas
  2 deep elf sorcerers (Elf:3)
  An orc warlord (Orc:2)
  2 deep elf elementalists (Elf:2)
  2 stone giants (Shoals:3)
  5 deep elf demonologists (Elf:3)
  7 deep elf annihilators
  A minotaur (Lab)
  4 merfolk javelineers
  A deep elf death mage (Elf:3)
  3 merfolk impalers
  A deep elf high priest (Elf:3)
  8 vault guards (D:14)
  7 naga warriors
  6 merfolk aquamancers
  5 centaur warriors
  3 alligator snapping turtles (Shoals:4)
  A death knight (D:14)
  4 death yaks (Lair:4)
  15 anacondas
  2 two-headed ogres
  2 merfolk avatars (Shoals:3)
  A satyr (Shoals:4)
  3 tengu warriors
  9 dancing weapons
  8 naga sharpshooters
  5 orc high priests
  9 deep elf knights
  3 shock serpents
  2 salamander mystics
  4 skeletal warriors (D:13)
  2 fire crabs (Shoals:1)
  2 wizards
  14 sea snakes
  5 unseen horrors
  5 deep elf archers
  12 naga ritualists
  2 wolf spider zombies (D:15)
  2 phantasmal warriors (D:14)
  3 orc knights (Orc:1)
  A harpy (shapeshifter) (D:11)
  4 mana vipers
  10 harpies
  A necromancer (D:15)
  12 cyclopes
  45 deep elf magi
  4 orc sorcerers
  11 ugly things
  13 fauns
  8 manticores
  12 salamanders
  14 merfolk sirens
  23 elephants
  9 guardian serpents (Snake:4)
  34 black mambas
  15 naga magi
  Psyche (D:10)
  9 water nymphs
  A torpor snail (Lair:3)
  A gargoyle (D:9)
  4 centaur skeletons
  27 spiny frogs
  2 rime drakes (Lair:6)
  A komodo dragon (shapeshifter) (D:14)
  3 efreet
  2 freezing wraiths (D:14)
  7 komodo dragons
  A tengu conjurer (D:14)
  3 meliai (D:15)
  15 trolls
  4 wind drakes
  12 dream sheep
  37 merfolk
  Prince Ribbit (D:6)
  15 snapping turtles
  3 tyrant leeches (Lair:6)
  26 blink frogs
  9 slime creatures (D:14)
  13 hippogriffs
  An air elemental (Elf:1)
  A vampire (D:11)
  A shadow (D:11)
  2 fire bats (Shoals:1)
  7 water elementals
  2 wraiths
  The ghost of flextap the Poker, an amateur MiFi (D:3)
  4 fire elementals
  24 yaks
  2 hungry ghosts
  Eustachio (D:6)
  4 basilisks
  9 vampire mosquitoes
  41 nagas
  2 wargs
  An acid dragon (D:11)
  8 water moccasins
  12 porcupines
  5 sky beasts
  29 orc warriors
  2 eyes of draining (D:10)
  2 necrophages
  5 black bears
  3 ice beasts
  9 ogres
  A phantom (D:7)
  5 wolves
  18 crocodiles
  10 centaurs
  4 big kobolds
  33 bullfrogs
  A water moccasin zombie (D:9)
  2 gnoll sergeants (D:11)
  3 earth elementals
  7 scorpions
  A wyvern skeleton (D:9)
  5 wights (D:9)
  5 electric eels
  4 howler monkeys
  A bullfrog zombie (D:11)
  7 centaur zombies
  10 crimson imps
  9 jellies
  35 orc wizards
  6 hounds
  Crazy Yiuf (D:3)
  15 orc priests
  Jessica (D:3)
  3 iguanas
  14 worker ants
  4 hound skeletons
  3 worker ant zombies
  Robin (D:3)
  7 gnolls
  21 adders
  6 shadow imps
  12 white imps (D:12)
  5 oozes
  An adder zombie (D:6)
  An adder skeleton (D:8)
  4 worms
  6 dart slugs
  11 leopard geckos
  68 orcs
  7 giant cockroaches
  12 goblins
  18 hobgoblins
  6 quokkas
  3 ball pythons (D:4)
  11 bats
  9 frilled lizards
  21 kobolds
  A leopard gecko skeleton (D:4)
  8 rats
  4 crawling corpses (Elf:3)
  3 fungi
  10 plants
1237 creatures vanquished.

Vanquished Creatures (collateral kills)
  Saint Roka (Snake:3)
  A nagaraja (Snake:4)
  3 hydras
  An anaconda (Snake:4)
  A death knight (D:14)
  2 orc high priests (Orc:2)
  6 death yaks (Lair:6)
  A naga sharpshooter (Snake:4)
  A naga ritualist (Snake:1)
  A mana viper (Snake:1)
  2 black mambas
  2 spiny frogs (Lair:5)
  A naga mage (Snake:4)
  3 freezing wraiths
  A tyrant leech (Lair:6)
  A hippogriff (D:11)
  2 blink frogs
  A wyvern (D:11)
  A basilisk (D:11)
  3 orc warriors (Snake:3)
  A hound (D:11)
36 creatures vanquished.

Vanquished Creatures (others)
  An anaconda (Snake:4)
  A merfolk aquamancer (Shoals:4)
  A deep elf archer (Elf:1)
  A deep elf mage (Elf:1)
  3 humans (Elf:1)
  An orc warrior (Orc:2)
  2 bushes
  17 fungi
  45 plants
72 creatures vanquished.

Grand Total: 1345 creatures vanquished

Notes
Turn   | Place    | Note
-------+----------+-------------------------------------------
     0 | D:1      | Fang the Gargoyle Berserker began the quest for the Orb.
     0 | D:1      | Reached XP level 1. HP: 14/14 MP: 1/1
   251 | D:1      | Reached XP level 2. HP: 19/19 MP: 2/2
   918 | D:1      | Reached XP level 3. HP: 22/23 MP: 3/3
  1219 | D:2      | Found a stormy altar of Qazlal.
  1219 | D:2      | Found a basalt altar of Yredelemnul.
  1487 | D:2      | Reached ** piety under Trog
  1487 | D:2      | Reached XP level 4. HP: 29/29 MP: 4/4
  2023 | D:3      | Noticed Robin
  2030 | D:3      | Reached XP level 5. HP: 31/33 MP: 5/5
  2049 | D:3      | Killed Robin
  2174 | D:3      | Reached *** piety under Trog
  2179 | D:3      | Found an ornate altar of the Wu Jian Council.
  2303 | D:3      | Noticed Jessica
  2307 | D:3      | Killed Jessica
  2321 | D:3      | Reached XP level 6. HP: 39/39 MP: 6/6
  2433 | D:3      | Found a runed door.
  2435 | D:3      | Noticed flextap's ghost (amateur MiFi)
  2461 | D:3      | Found an opulent altar of Gozag.
  2536 | D:3      | Found a runed door.
  2707 | D:3      | Killed flextap's ghost
  2784 | D:3      | Noticed Crazy Yiuf
  2797 | D:3      | Killed Crazy Yiuf
  2797 | D:3      | Reached skill level 5 in Fighting
  2914 | D:4      | Reached XP level 7. HP: 44/44 MP: 7/7
  3391 | D:4      | Reached **** piety under Trog
  3889 | D:5      | Entered Level 5 of the Dungeon
  3907 | D:5      | Reached skill level 5 in Armour
  3994 | D:5      | Found a staircase to the Ecumenical Temple.
  4021 | D:5      | Reached XP level 8. HP: 51/51 MP: 8/8
  4180 | D:5      | Found a burning altar of Makhleb.
  4271 | D:5      | Reached skill level 5 in Axes
  4369 | D:5      | Found a glowing drain.
  4373 | Sewer    | Entered a sewer
  4933 | D:5      | Found a burning altar of Makhleb.
  4988 | Temple   | Entered the Ecumenical Temple
  5073 | D:6      | Noticed Prince Ribbit
  5142 | D:6      | Killed Prince Ribbit
  5353 | D:6      | You fall through a shaft for 2 floors!
  5454 | D:8      | Found an iron altar of Okawaru.
  5465 | D:8      | Found a glowing silver altar of Zin.
  5499 | D:8      | Reached XP level 9. HP: 56/56 MP: 9/9
  5568 | D:8      | Found a white marble altar of Elyvilon.
  5619 | D:8      | Noticed a troll
  5637 | D:8      | Killed a troll
  5637 | D:8      | Reached skill level 5 in Dodging
  5678 | D:8      | Found a hazy altar of Hepliaklqana.
  6036 | D:8      | Found Fiuzxeby's General Store.
  6822 | D:7      | Reached ***** piety under Trog
  7148 | D:6      | Noticed Eustachio
  7168 | D:6      | Killed Eustachio
  7422 | D:6      | Found a deep blue altar of Sif Muna.
  7575 | D:9      | Found a staircase to the Orcish Mines.
  7600 | D:9      | Noticed a centaur warrior
  7601 | D:9      | Noticed a troll
  7604 | D:9      | Reached XP level 10. HP: 54/64 MP: 10/10
  7614 | D:9      | Killed a centaur warrior
  7621 | D:9      | Found a roughly hewn altar of Beogh.
  7734 | D:9      | Found a sacrificial altar of Ru.
  7863 | D:9      | Found a staircase to the Lair.
  8141 | D:9      | Found a radiant altar of Vehumet.
  8476 | D:9      | Reached XP level 11. HP: 66/71 MP: 11/11
  8750 | D:10     | Entered Level 10 of the Dungeon
  8804 | D:10     | Reached ****** piety under Trog
  8863 | D:10     | Noticed a two-headed ogre
  8877 | D:10     | Killed a two-headed ogre
  8974 | D:10     | Received a gift from Trog
  8984 | D:10     | Reached skill level 10 in Fighting
  9211 | Lair:1   | Entered Level 1 of the Lair of Beasts
  9503 | D:10     | Reached skill level 10 in Armour
  9527 | D:10     | Noticed Psyche
  9538 | D:10     | Killed Psyche
  9967 | D:11     | Noticed a two-headed ogre
  9977 | D:11     | Noticed a harpy
  9979 | D:11     | Killed a two-headed ogre
  9985 | D:11     | Killed a harpy
 10075 | D:11     | Reached XP level 12. HP: 33/79 MP: 12/12
 11524 | Lair:1   | Reached skill level 10 in Axes
 11535 | Lair:1   | Gained mutation: You have a beak for a mouth. [potion of
                  | mutation]
 11535 | Lair:1   | Gained mutation: You are somewhat resistant to further
                  | mutation. [potion of mutation]
 11536 | Lair:1   | Lost mutation: You are somewhat resistant to further
                  | mutation. [potion of mutation]
 11536 | Lair:1   | Lost mutation: You have a beak for a mouth. [potion of
                  | mutation]
 11536 | Lair:1   | Gained mutation: Your skin changes colour to match your
                  | surroundings (Stealth+). [potion of mutation]
 11536 | Lair:1   | Gained mutation: You are dopey. (Int -2) [potion of
                  | mutation]
 11536 | Lair:1   | Gained mutation: You expend magic power (3 MP) to
                  | strengthen your wands. [potion of mutation]
 11537 | Lair:1   | Lost mutation: You are dopey. (Int -2) [potion of mutation]
 11537 | Lair:1   | Lost mutation: You expend magic power (3 MP) to strengthen
                  | your wands. [potion of mutation]
 11537 | Lair:1   | Gained mutation: Your muscles are strong. (Str +2) [potion
                  | of mutation]
 11537 | Lair:1   | Gained mutation: You are somewhat resistant to further
                  | mutation. [potion of mutation]
 11967 | Lair:2   | Received a gift from Trog
 12714 | Lair:2   | Reached XP level 13. HP: 86/86 MP: 13/13
 13290 | Lair:3   | Got a faintly humming scale mail
 13301 | Lair:3   | Identified the +5 scale mail of Leutups {Regen+ Str+4} (You
                  | found it on level 3 of the Lair of Beasts)
 14700 | Lair:4   | Found a staircase to the Shoals.
 14758 | Lair:4   | Reached skill level 10 in Dodging
 14922 | Lair:4   | Found a staircase to the Snake Pit.
 15468 | Lair:5   | Received a gift from Trog
 15521 | Lair:5   | Gained mutation: Your large and strong wings let you fly
                  | indefinitely. [Gargoyle growth]
 15521 | Lair:5   | Reached XP level 14. HP: 67/94 MP: 14/14
 16027 | Lair:6   | Entered Level 6 of the Lair of Beasts
 16040 | Lair:6   | Received a gift from Trog
 16520 | Lair:6   | Found a staircase to the Slime Pits.
 18216 | D:12     | Reached XP level 15. HP: 60/100 MP: 15/15
 18354 | D:12     | Found a frozen archway.
 18364 | D:12     | Received a gift from Trog
 18823 | D:13     | Found a labyrinth entrance.
 18834 | Lab      | Entered a labyrinth
 20834 | D:14     | Got a polished leather armour
 20845 | D:14     | Identified the +0 leather armour of the Doge {rF+ rCorr
                  | Str+4 Stlth-} (You found it on level 14 of the Dungeon)
 21452 | D:14     | Found a gate to the Vaults.
 21528 | D:14     | Received a gift from Trog
 22074 | D:15     | Entered Level 15 of the Dungeon
 22329 | D:15     | Reached skill level 15 in Fighting
 22729 | D:15     | Reached skill level 15 in Armour
 22891 | D:15     | Reached XP level 16. HP: 108/108 MP: 16/16
 23175 | D:15     | Received a gift from Trog
 23219 | D:15     | Found a staircase to the Depths.
 23707 | Depths:1 | Entered Level 1 of the Depths
 23824 | Orc:1    | Entered Level 1 of the Orcish Mines
 24363 | Orc:2    | Entered Level 2 of the Orcish Mines
 24363 | Orc:2    | Found Salyaff's Antique Weapon Shop.
 24741 | Orc:2    | Found Oliorphuu's General Store.
 25069 | Orc:2    | Found a staircase to the Elven Halls.
 25246 | Orc:2    | Found Asiug's Antique Armour Emporium.
 25498 | Orc:2    | Bought a pair of encrusted boots for 190 gold pieces
 25498 | Orc:2    | Bought a shiny helmet for 150 gold pieces
 25508 | Orc:2    | Identified the +2 pair of boots of Weyxuck {rC- Str+3 Dex+6
                  | Slay+2} (You bought it in a shop on level 2 of the Orcish
                  | Mines)
 25580 | Orc:2    | Found Wemmocan's Book Shop.
 25943 | Snake:1  | Entered Level 1 of the Snake Pit
 26293 | Snake:1  | Received a gift from Trog
 26535 | Snake:2  | Noticed a nagaraja
 26548 | Snake:2  | Killed a nagaraja
 27410 | Snake:2  | Found Ijautoargh's Assorted Antiques.
 27500 | Snake:2  | Found a runed door.
 27964 | Snake:3  | Reached XP level 17. HP: 115/115 MP: 17/17
 27980 | Snake:3  | Noticed Saint Roka
 27999 | Snake:3  | Killed Saint Roka
 28226 | Snake:3  | Received a gift from Trog
 28815 | Snake:4  | Entered Level 4 of the Snake Pit
 28891 | Snake:4  | Found an ancient bone altar of Kikubaaqudgha.
 29483 | Snake:4  | Received a gift from Trog
 29484 | Snake:4  | Reached XP level 18. HP: 87/123 MP: 18/18
 29620 | Snake:4  | Got a serpentine rune of Zot
 29935 | Shoals:1 | Entered Level 1 of the Shoals
 30403 | Shoals:1 | Reached skill level 15 in Axes
 30430 | Shoals:1 | Received a gift from Trog
 30433 | Shoals:1 | Got a jewelled battleaxe {god gift}
 30434 | Shoals:1 | Identified the +12 battleaxe of Obsession {freeze, Str+2
                  | Int+2} (Trog gifted it to you on level 1 of the Shoals)
 30877 | Shoals:2 | Found Rumoew's Jewellery Shoppe.
 32038 | Shoals:3 | Received a gift from Trog
 32754 | Shoals:4 | Entered Level 4 of the Shoals
 33115 | Shoals:4 | Reached XP level 19. HP: 130/130 MP: 19/19
 33133 | Shoals:4 | Got a barnacled rune of Zot
 33483 | Shoals:4 | Found Poqo's Assorted Antiques.
 33497 | Shoals:4 | Bought a scroll labeled LOMABI ZORAUMY for 29 gold pieces
 33498 | Shoals:4 | Bought a scroll of teleportation for 87 gold pieces
 33498 | Shoals:4 | Bought a scroll of identify for 58 gold pieces
 33498 | Shoals:4 | Bought a runed cloak for 217 gold pieces
 33498 | Shoals:4 | Bought a scroll of teleportation for 87 gold pieces
 34153 | Elf:1    | Entered Level 1 of the Elven Halls
 34223 | Elf:1    | Received a gift from Trog
 34262 | Elf:1    | Noticed Kirke
 34268 | Elf:1    | Killed Kirke
 34387 | Elf:1    | Noticed Nikola
 34429 | Elf:1    | Killed Nikola
 34639 | Elf:1    | Noticed Roxanne
 34735 | Elf:1    | Found a deep blue altar of Sif Muna.
 35279 | Elf:2    | Found Dapiev's Jewellery Shoppe.
 35307 | Elf:2    | Found a runed gate.
 35307 | Elf:2    | Found a runed gate.
 35309 | Elf:2    | Received a gift from Trog
 35310 | Elf:2    | Found a runed gate.
 35502 | Elf:2    | Found a deep blue altar of Sif Muna.
 35555 | Elf:3    | Entered Level 3 of the Elven Halls
 35610 | Elf:3    | Found Ulegant's Food Boutique.
 35643 | Elf:3    | Found Saromiug's Book Shop.
 35645 | Elf:3    | Found Yloej's Armour Boutique.
 35653 | Elf:3    | Bought the +3 pair of gloves of Indomitability {MR+ Dex+5}
                  | for 766 gold pieces
 35653 | Elf:3    | Bought the cursed +1 scale mail of Compassion {-Cast Dex+5}
                  | for 297 gold pieces
 36033 | Elf:3    | Noticed an Ice Fiend
 36042 | Elf:3    | Gained mutation: You occasionally shout uncontrollably at
                  | your foes. [a cacodemon]
 36578 | Elf:3    | Received a gift from Trog
 36578 | Elf:3    | Reached XP level 20. HP: 137/137 MP: 20/20
 36775 | Elf:3    | Got a warped marble ring
 36828 | Elf:3    | Reached skill level 15 in Dodging
 37182 | Elf:3    | Found the +0 pair of fencer's gloves {+Riposte Dex+3}
 37182 | Elf:3    | Shot with an arrow by a deep elf master archer

Skill      XL: |  1  2  3  4  5  6  7  8  9 10 11 12 13 14 15 16 17 18 19 20 |
---------------+-------------------------------------------------------------+-----
Axes           | 3 4 5 6 8 9 10 11 12 13 14 15 16 | 16.2
Dodging        | 2 3 4 5 7 8 9 10 11 12 13 14 15 | 15.0
Armour         | 3 4 5 6 7 9 10 11 12 14 15 16 17 18 | 18.7
Fighting       | 4 5 6 8 9 10 12 13 14 15 16 17 18 | 18.8

Action                   |  1- 3 |  4- 6 |  7- 9 | 10-12 | 13-15 | 16-18 | 19-21 || total
-------------------------+-------+-------+-------+-------+-------+-------+-------++-------
Melee: Hand axe          |   119 |   168 |   761 |   868 |   445 |       |       ||  2361
       Executioner's axe |       |       |       |       |   517 |   663 |       ||  1180
       Battleaxe         |       |       |       |       |       |   284 |   391 ||   675
Invok: Berserk           |       |     3 |     1 |     4 |    12 |     8 |     1 ||    29
       Brothers in Arms  |       |       |       |     1 |     7 |     5 |       ||    13
 Abil: Fly               |       |       |       |       |     1 |       |       ||     1
  Use: Scroll            |       |       |    20 |    11 |     9 |    14 |     9 ||    63
       Potion            |       |       |       |     3 |     5 |     4 |     4 ||    16
 Stab: Invisible         |       |       |       |     1 |       |       |       ||     1
       Distracted        |       |       |       |       |       |     1 |       ||     1
       Sleeping          |       |       |       |       |       |     1 |       ||     1
  Eat: Chunk             |     2 |     5 |    17 |    49 |    49 |    45 |    13 ||   180
       Ration            |       |     1 |       |       |       |       |       ||     1
Armor: Animal skin       |    47 |       |       |       |       |       |       ||    47
       Plate armour      |    11 |   153 |   630 |   640 |     2 |       |       ||  1436
       Scale mail        |       |       |       |       |   875 |   788 |   208 ||  1871
Dodge: Dodged            |    74 |    64 |   332 |   421 |  1035 |  1341 |   317 ||  3584
